 Dungeon Crawl Stone Soup version 0.27.1-35-g4d5d836560 (webtiles) character file.

Game seed: 5908762281370077945

142062 tkbsonic5 the Fighter (level 17, 0/139 HPs)
             Began as a Human Artificer on Dec 1, 2022.
             Was a High Priest of Okawaru.
             Slain by a seven-headed hydra (8 damage)
             ... on level 4 of the Swamp on Dec 22, 2022.
             The game lasted 03:29:27 (27572 turns).

tkbsonic5 the Fighter (Human Artificer)            Turns: 27572, Time: 03:29:28

Health: 0/139      AC: 36    Str: 25    XL:     17   Next: 96%
Magic:  21/21      EV: 15    Int: 12    God:    Okawaru [*****.]
Gold:   769        SH:  0    Dex: 24    Spells: 16/16 levels left

rFire    . . .     SeeInvis .   o - +4 executioner's axe (freeze)
rCold    + . .     Faith    .   (shield currently unavailable)
rNeg     . . .     Spirit   .   i - +2 crystal plate armour {rC+}
rPois    +         Reflect  .   E - +0 helmet of Tary {Dex+7 Stlth-}
rElec    .         Harm     .   n - scarf {repulsion}
rCorr    .         Rampage  .   H - +2 pair of gloves {Dex+3}
Will     +....                  x - +0 pair of boots
Stlth    ..........             s - amulet of regeneration
HPRegen  1.33/turn              f - +4 ring of protection
MPRegen  0.17/turn              v - +6 ring of strength

@: confused, heroic, ambrosia-drunk, studying Fighting, repel missiles
A: low mp 1, poison resistance
a: Renounce Religion, Heroism, Finesse


You were on level 4 of the Swamp.
You worshipped Okawaru.
Okawaru was extremely pleased with you.
You visited 4 branches of the dungeon, and saw 27 of its levels.
You visited the Abyss 1 time.
You also visited: Ice Cave.

You collected 3778 gold pieces.
You spent 3009 gold pieces at shops.

Inventory:

Hand Weapons
 d - a +2 antimagic lajatang
 o - a +4 executioner's axe of freezing (weapon)
 t - the +8 rapier of the Little People {freeze, +Blink +Rage rC+ Int-2}
   (Okawaru gifted it to you on level 3 of the Lair of Beasts)

   It freezes those it strikes, dealing additional cold damage.
   It can also slow down cold-blooded creatures.
   Int:       It affects your intelligence (-2).
   rC:        It protects you from cold.
   +Blink:    It lets you blink.
   +Rage:     It lets you go berserk.
 A - a +4 glaive of flaming
 I - the +9 shortbow of the Skies Above {vorpal, rPois Str+3 Dex-2}
   (You bought it in a shop on level 2 of the Orcish Mines)

   Any ammunition fired from it inflicts extra damage upon your enemies.
   Str:       It affects your strength (+3).
   Dex:       It affects your dexterity (-2).
   rPois:     It protects you from poison.
 N - the +8 hunting sling "Umuricow" {freeze, rF++ rC- rCorr Str+3}
   (You acquired it on level 8 of the Dungeon)

   Any ammunition fired from it freezes those it strikes, dealing additional
   cold damage.
   It can also slow down cold-blooded creatures.
   Str:       It affects your strength (+3).
   rF:        It greatly protects you from fire.
   rC:        It makes you vulnerable to cold.
   rCorr:     It protects you from acid and corrosion.
 X - a +2 war axe of flaming
Missiles
 a - 368 arrows
 h - 16 boomerangs of dispersal
 k - 8 silver boomerangs
 l - 134 sling bullets
 m - 124 poisoned darts
 F - 7 atropa-tipped darts
 Q - 56 bolts
 R - 4 curare-tipped darts
 V - 3 silver javelins
Armour
 g - the +3 scale mail of the Solstice {Rampage rF+ Str+3}
   (You found it on level 15 of the Dungeon)

   Str:       It affects your strength (+3).
   rF:        It protects you from fire.
   Rampage:   It bestows one free step when moving towards enemies.
 i - a +2 crystal plate armour of cold resistance (worn)
 n - a scarf of repulsion (worn)
 x - a +0 pair of boots (worn)
 B - a +1 tower shield of protection
 E - the +0 helmet of Tary (worn) {Dex+7 Stlth-}
   (You acquired it on level 1 of the Lair of Beasts)

   Dex:       It affects your dexterity (+7).
   Stlth:     It makes you less stealthy.
 H - a +2 pair of gloves of dexterity (worn)
 J - the +1 plate armour "Nuobbal" {Fly Stlth+}
   (Okawaru gifted it to you on level 4 of the Lair of Beasts)

   Fly:       It grants you flight.
   Stlth:     It makes you more stealthy.
 O - a +1 hat
 U - a +0 kite shield of fire resistance
Jewellery
 b - a ring of ice
 f - a +4 ring of protection (left hand)
 q - an amulet of reflection
 s - an amulet of regeneration (around neck)
 u - a ring of willpower
 v - a +6 ring of strength (right hand)
 y - an amulet of magic regeneration
 D - a ring of protection from cold
 T - a +4 ring of protection
 Y - a +4 ring of evasion
Wands
 c - a wand of flame (8)
 P - a wand of digging (9)
 W - a wand of paralysis (4)
Scrolls
 r - 5 scrolls of identify
 K - a scroll of holy word
Potions
 z - a potion of lignification
 G - 5 potions of curing
Miscellaneous
 e - a piece from Xom's chessboard (11/15) (quivered)
 w - a lightning rod (inert)
 Z - a box of beasts (inert)


   Skills:
 * Level 14.2(19.2) Fighting
 - Level 8.4(13.4) Short Blades
 * Level 6.4(13.3) Axes
 - Level 8.1(14.3) Polearms
 - Level 2.8(10.9) Staves
 * Level 10.3(16.3) Slings
 - Level 4.2(9.2) Bows
 - Level 1.3(6.3) Crossbows
 - Level 7.9(15.2) Throwing
 * Level 9.9(14.9) Armour
 * Level 10.6(15.6) Dodging
 - Level 8.8(13.8) Stealth
 - Level 7.1(12.1) Shields
 + Level 8.5 Invocations
 + Level 9.7 Evocations


You had 16 spell levels left.
You didn't know any spells.
Your spell library contained the following spells:

 Spells                   Type           Power      Damage    Failure   Level
 Animate Skeleton         Necr           0%         N/A       100%        1
 Beastly Appendage        Tmut           0%         N/A       100%        1
 Pain                     Necr           0%         1d4       100%        1
 Slow                     Hex            0%         N/A       100%        2
 Static Discharge         Conj/Air       0%         N/A       100%        2
 Wereblood                Tmut           0%         N/A       100%        2
 Confusing Touch          Hex            0%         N/A       100%        3
 Conjure Flame            Conj/Fire      0%         6-21      100%        3
 Gell's Gravitas          Tloc           0%         N/A       100%        3
 Ignite Poison            Fire/Tmut/Pois 0%         N/A       100%        3
 Lesser Beckoning         Tloc           0%         N/A       100%        3
 Spider Form              Tmut/Pois      0%         N/A       100%        3
 Teleport Other           Tloc           0%         N/A       100%        3
 Vampiric Draining        Necr           0%         2d6       100%        3
 Animate Dead             Necr           0%         N/A       100%        4
 Hailstorm                Conj/Ice       0%         3d3       100%        4
 Ice Form                 Ice/Tmut       0%         N/A       100%        4
 Sticky Flame             Conj/Fire      0%         2d3       100%        4
 Alistair's Intoxication  Tmut/Pois      0%         N/A       100%        5
 Borgnjor's Vile Clutch   Necr/Erth      0%         N/A       100%        5
 Lightning Bolt           Conj/Air       0%         1d11      100%        5
 Summon Forest            Summ/Tloc      0%         N/A       100%        5
 Yara's Violent Unravell  Hex/Tmut       0%         3d3       100%        5
 Death Channel            Necr           0%         N/A       100%        6
 Dispersal                Tloc           0%         N/A       100%        6
 Eringya's Noxious Bog    Tmut/Pois      0%         N/A       100%        6
 Simulacrum               Ice/Necr       0%         N/A       100%        6
 Summon Hydra             Summ           0%         N/A       100%        7
 Maxwell's Capacitive Co  Air            0%         ∞         100%        8


Dungeon Overview and Level Annotations

Branches:
Dungeon (15/15)            Temple (0/1) D:6            Lair (6/6) D:9
  Swamp (4/4) Lair:4        Snake (0/4) Lair:2        Slime (0/5) Lair:5
    Orc (2/2) D:11            Elf (0/3) Orc:2        Vaults (0/5) D:13
 Depths (0/5) D:15          IceCv (visited)

Altars:
Dithmenos
Fedhas
Hepliaklqana
Makhleb
Nemelex Xobeh
Okawaru
Qazlal
Trog
Uskayaw
Vehumet
Wu Jian
Yredelemnul
Zin
The Shining One
Beogh

Shops:
D:5 [*   Orc:1 [   Orc:2 *(*?

Portals:
Abyss: Orc:1

Annotations:
Lair:1 exclusion: orange crystal statue
Lair:2 exclusion: 2 oklob plants
Lair:5 exclusion: 3 oklob plants
Orc:1 2 transporters, grimtooth's ghost, journeyman MfGl
Orc:2 3 runed translucent doors, grimtooth's ghost, journeyman MfGl


Innate Abilities, Weirdness & Mutations

Your magical capacity is low. (-10% MP)
Your system is resistant to poisons. (rPois)


Message History

The eight-headed hydra bites you but does no damage.
The eight-headed hydra closely misses you.
The eight-headed hydra bites you but does no damage.
The seven-headed hydra completely misses you.
The seven-headed hydra bites you.
* * * LOW HITPOINT WARNING * * *
The seven-headed hydra barely misses you.
The seven-headed hydra closely misses you.
The seven-headed hydra misses you.
The seven-headed hydra completely misses you.
The seven-headed hydra bites you but does no damage.
The swamp dragon closely misses you.
The swamp dragon claws you but does no damage.
The swamp dragon tramples you but does no damage.
The eight-headed hydra bites you but does no damage. x4
The eight-headed hydra closely misses you.
The eight-headed hydra barely misses you.
The eight-headed hydra bites you but does no damage.
The eight-headed hydra bites you.
* * * LOW HITPOINT WARNING * * *
Okay, then.
The seven-headed hydra bites you but does no damage.
The seven-headed hydra completely misses you.
The seven-headed hydra bites you but does no damage.
The seven-headed hydra barely misses you.
The seven-headed hydra closely misses you.
The seven-headed hydra bites you but does no damage. x2
The eleionoma flows through the trees.
You see here a +0 falchion.
You are confused.
You feel invigorated.
The seven-headed hydra barely misses you.
The seven-headed hydra closely misses you.
The seven-headed hydra bites you.
* * * LOW HITPOINT WARNING * * *
The seven-headed hydra barely misses you.
The seven-headed hydra bites you.
* * * LOW HITPOINT WARNING * * *
The seven-headed hydra bites you!
You die...

♣≈≈.≈♣.≈≈≈≈....≈≈≈≈≈
≈..≈♣♣≈≈≈≈.♣♣§.≈≈≈.≈
≈≈.♣♣.≈≈≈≈♣♣♣<.....
≈≈.♣♣.§≈≈≈♣♣♣♣...≈♣
..♣..≈..♣♣♣≈≈.≈§≈§♣♣♣
.≈.≈≈≈≈≈.♣♣..≈≈≈≈..≈♣
≈≈≈≈≈≈≈≈.†...≈≈≈≈≈≈.♣
§≈≈≈≈≈≈≈≈♣≈≈≈≈≈≈.R.♣♣♣♣♣
≈≈≈≈≈≈≈≈§♣≈≈≈≈≈.@♣♣♣≈.^♣
≈≈≈≈≈§≈.≈≈≈..≈≈♣♣DDw≈≈≈♣
..≈≈≈≈.≈.≈≈.≈[≈♣♣DD≈≈.♣♣♣♣
♣.≈≈≈..≈♣...≈≈≈♣♣≈≈≈≈..≈≈≈≈
..≈≈..♣♣♣♣≈♣♣≈.≈♣(†≈≈≈≈..≈≈
≈≈≈≈§.§♣
♣♣♣...♣♣†≈≈≈≈≈≈≈≈≈§
≈≈§≈≈♣♣♣ ≈.....≈.≈≈≈≈≈§≈≈.
♣≈≈≈♣♣ ≈...(..≈≈≈≈≈≈≈§§≈
♣♣♣♣♣ ♣♣≈#≈($§.≈≈.≈≈.§≈≈


You could see an eleionoma, 2 eight-headed hydras, a seven-headed hydra, a swamp
dragon and a tyrant leech.

Vanquished Creatures
  A tentacled monstrosity (Swamp:1)
  Gastronok (D:12)
  2 thorn hunters
  A tentacled starspawn (Abyss:2)
  Louise (D:15)
  A reaper (IceCv)
  A stone giant (D:15)
  2 bunyips
  2 eleionomae
  A shambling mangrove (Swamp:3)
  2 boulder beetles
  Harold (D:10)
  2 catoblepae
  Fannar (D:12)
  A vault guard (D:13)
  14 hydras
  A ghost crab (Swamp:3)
  A death knight (D:12)
  Erica (D:9)
  An ogre mage (D:15)
  7 two-headed ogres
  5 alligators
  3 centaur warriors
  A deep troll shaman (Lair:6)
  An orc high priest (Orc:2)
  9 death yaks
  A thrashing horror (Abyss:2)
  A spriggan berserker (Swamp:1)
  3 spriggans (Swamp:2)
  Sonja (D:13)
  A wretched star (Abyss:2)
  7 bog bodies
  2 goliath frogs
  A spriggan druid (Swamp:2)
  4 swamp dragons
  Pikel (D:5)
  A wizard (D:14)
  2 necromancers (D:13)
  A phantasmal warrior (D:12)
  18 ugly things
  3 orc knights
  A deep elf pyromancer (D:14)
  4 orc sorcerers (Orc:2)
  A wolf spider (Lair:6)
  5 cyclopes
  3 manticores
  4 will-o-the-wisps
  18 elephants
  10 black mambas
  Maurice (Orc:1)
  12 cane toads
  An orange demon (Abyss:2)
  4 torpor snails
  An unseen horror (D:13)
  A kobold demonologist (D:12)
  Psyche (D:11)
  5 rime drakes
  An efreet (D:14)
  2 ancient zymes (Abyss:2)
  2 freezing wraiths
  An anaconda simulacrum (IceCv)
  An ice devil (IceCv)
  4 komodo dragons
  6 trolls
  3 meliai (D:13)
  5 tyrant leeches
  6 hornets
  2 polar bears (Lair:6)
  A raiju (Abyss:2)
  5 slime creatures
  8 dream sheep
  20 blink frogs
  2 shadows
  2 wyverns
  5 basilisks
  40 yaks
  5 wraiths
  18 humans (D:13)
  A steam dragon (D:7)
  17 vampire mosquitoes
  Grum (Lair:1)
  A chaos spawn (Abyss:2)
  A large abomination (Abyss:2)
  5 wargs
  An acid dragon (D:11)
  9 swamp worms
  29 water moccasins
  4 hell hounds (Abyss:2)
  23 orc warriors
  A sky beast (D:3)
  6 swamp drakes
  9 black bears
  A necrophage (D:6)
  13 wolves
  15 centaurs
  5 ogres
  A lemure (D:5)
  A phantom (D:4)
  6 kobold brigands
  11 bullfrogs
  2 gnoll sergeants
  3 two-headed ogre simulacra (IceCv)
  A gnoll shaman (D:6)
  3 scorpions
  A water moccasin zombie (D:7)
  A cane toad simulacrum (IceCv)
  3 elephant simulacra (IceCv)
  A water moccasin skeleton (D:7)
  7 wights
  43 killer bees
  3 howler monkeys
  2 lava snakes (Lair:1)
  4 centaur zombies
  2 hounds
  A bullfrog skeleton (D:7)
  2 centaur skeletons (D:7)
  A jelly (D:8)
  22 orc priests
  An iguana (D:5)
  32 orc wizards
  3 troll simulacra (IceCv)
  2 polar bear simulacra (IceCv)
  3 wolf simulacra (IceCv)
  2 small abominations (Abyss:2)
  3 spriggan simulacra (IceCv)
  A killer bee zombie (D:7)
  A hound skeleton (D:4)
  A howler monkey zombie (D:9)
  7 gnolls
  2 howler monkey skeletons
  6 adders
  3 naga simulacra (IceCv)
  4 white imps
  8 ufetubi
  2 worms
  7 dart slugs
  78 orcs
  6 bats
  7 endoplasms
  2 giant cockroaches (D:2)
  3 goblins
  6 hobgoblins
  8 jackals
  20 kobolds
  3 quokkas (D:2)
  7 ball pythons
  2 frilled lizards (D:1)
  6 rats
821 creatures vanquished.

Vanquished Creatures (collateral kills)
  Jorgrun (D:13)
  A bunyip (Swamp:1)
  A thrashing horror (Abyss:2)
  A wizard (D:13)
  A necromancer (D:13)
  A will-o-the-wisp (Swamp:3)
  2 worldbinders (Abyss:2)
  A hornet (Swamp:3)
  A fire bat (Abyss:2)
  2 humans (D:13)
  A swamp worm (Swamp:1)
  A small abomination (Abyss:2)
  A wight (Abyss:2)
  2 starcursed masses (Abyss:2)
  A hound (D:5)
  2 gnolls (D:5)
  An orc (D:12)
  A jackal (D:1)
  A kobold (D:1)
23 creatures vanquished.

Vanquished Creatures (others)
  A bloated husk (Swamp:3)
  2 ynoxinuls (Abyss:2)
  2 swamp worms
  A centaur (D:13)
  A phantom (D:6)
  A gnoll (D:5)
  A jackal (D:1)
  22 foxfires
  54 fungi
  69 plants
  2 starspawn tentacles (Abyss:2)
156 creatures vanquished.

Grand Total: 1000 creatures vanquished

Notes
Turn   | Place    | Note
-------+----------+-------------------------------------------
     0 | D:1      | tkbsonic5 the Human Artificer began the quest for the Orb.
     0 | D:1      | Reached XP level 1. HP: 15/15 MP: 1/1
    77 | D:1      | Reached XP level 2. HP: 19/21 MP: 2/2
   409 | D:1      | Reached XP level 3. HP: 25/26 MP: 3/3
  1495 | D:2      | Found a faded altar of an unknown god.
  1503 | D:2      | Became a worshipper of Warmaster Okawaru
  1503 | D:2      | Reached * piety under Okawaru
  1542 | D:2      | Found a sparkling altar of Nemelex Xobeh.
  1552 | D:2      | Reached skill level 2 in Fighting
  1672 | D:2      | Reached XP level 4. HP: 33/33 MP: 4/4
  2730 | D:3      | You fall into a shaft and drop 3 floors!
  2749 | D:6      | Found a stormy altar of Qazlal.
  2754 | D:6      | Noticed a phantom
  2789 | D:5      | Entered Level 5 of the Dungeon
  2814 | D:5      | Found Giemnie's Assorted Antiques.
  3006 | D:5      | Noticed a gnoll sergeant
  3022 | D:5      | Killed a gnoll sergeant
  3023 | D:5      | Reached skill level 1 in Throwing
  3023 | D:5      | Reached XP level 5. HP: 39/39 MP: 5/5
  3239 | D:4      | Reached ** piety under Okawaru
  3300 | D:4      | Reached XP level 6. HP: 46/46 MP: 6/6
  3304 | D:4      | Noticed an ogre
  3317 | D:3      | Reached skill level 3 in Fighting
  3528 | D:3      | Noticed a sky beast
  3547 | D:3      | Killed a sky beast
  3667 | D:3      | Gained mutation: Your magical capacity is low. (-10% MP)
                  | [potion of mutation]
  3667 | D:3      | Gained mutation: Your system is resistant to poisons.
                  | (rPois) [potion of mutation]
  3687 | D:3      | Found a hazy altar of Hepliaklqana.
  3876 | D:4      | Identified the +2 ring mail "Rengo" {Int+5 Stlth+}
  3913 | D:4      | Killed an ogre
  3914 | D:4      | Reached XP level 7. HP: 52/52 MP: 6/6
  4004 | D:4      | Reached skill level 1 in Short Blades
  4435 | D:5      | Found Mirycuze's Antique Armour Shop.
  4444 | D:5      | Reached skill level 1 in Slings
  4533 | D:5      | Reached *** piety under Okawaru
  4564 | D:5      | Bought a scroll labelled RELITO MAWIG for 25 gold pieces
  4564 | D:5      | Bought a shiny fluorescent wand for 100 gold pieces
  4568 | D:5      | Acquired a +4 ring of protection
  4598 | D:5      | Reached skill level 4 in Fighting
  4727 | D:5      | Reached XP level 8. HP: 27/60 MP: 7/7
  5332 | D:5      | Noticed Pikel
  5354 | D:5      | Killed Pikel
  5354 | D:5      | Received a gift from Okawaru
  5355 | D:5      | Reached skill level 1 in Shields
  5626 | D:5      | Found a bloodstained altar of Trog.
  5702 | D:6      | Reached **** piety under Okawaru
  5703 | D:6      | Reached XP level 9. HP: 65/67 MP: 8/8
  5727 | D:6      | Found a staircase to the Ecumenical Temple.
  5778 | D:6      | Reached skill level 5 in Fighting
  6068 | D:6      | Found a stormy altar of Qazlal.
  6122 | D:6      | Found a basalt altar of Yredelemnul.
  6462 | D:7      | Reached skill level 5 in Evocations
  6504 | D:7      | Noticed a cyclops
  6506 | D:7      | Killed a cyclops
  6553 | D:7      | Reached XP level 10. HP: 68/76 MP: 9/9
  6636 | D:7      | Reached skill level 6 in Fighting
  6727 | D:7      | Reached ***** piety under Okawaru
  6832 | D:7      | Reached skill level 5 in Short Blades
  6887 | D:7      | Reached skill level 5 in Stealth
  6934 | D:7      | Reached skill level 5 in Armour
  6935 | D:7      | Noticed a cyclops
  6992 | D:7      | Received a gift from Okawaru
  7020 | D:7      | Killed a cyclops
  7341 | D:8      | Acquired the +8 hunting sling "Umuricow" {freeze, rF++ rC-
                  | rCorr Str+3}
  7413 | D:8      | Found a burning altar of Makhleb.
  7446 | D:8      | Noticed a blizzard demon
  7541 | D:8      | Noticed a two-headed ogre
  7546 | D:8      | Killed a two-headed ogre
  7547 | D:8      | Reached skill level 7 in Fighting
  7547 | D:8      | Reached XP level 11. HP: 84/84 MP: 9/9
  7690 | D:8      | Found a shadowy altar of Dithmenos.
  7690 | D:8      | Found a radiant altar of Vehumet.
  7698 | D:8      | Found a faded altar of an unknown god.
  7700 | D:8      | Found a stormy altar of Qazlal.
  7702 | D:8      | Found a glowing golden altar of the Shining One.
  7850 | D:9      | Noticed a two-headed ogre
  7852 | D:9      | Killed a two-headed ogre
  7852 | D:9      | Received a gift from Okawaru
  7937 | D:9      | Reached skill level 1 in Invocations
  7941 | D:9      | Found an ornate altar of the Wu Jian Council.
  7942 | D:9      | Noticed a purple ugly thing
  7950 | D:9      | Killed a purple ugly thing
  7951 | D:9      | Reached skill level 5 in Dodging
  7982 | D:9      | Found a sparkling altar of Nemelex Xobeh.
  8010 | D:9      | Reached skill level 5 in Slings
  8112 | D:9      | Found a sparkling altar of Nemelex Xobeh.
  8234 | D:9      | Noticed Erica
  8260 | D:9      | Killed Erica
  8383 | D:9      | Reached skill level 1 in Polearms
  8418 | D:9      | Found a blossoming altar of Fedhas.
  8450 | D:9      | Reached skill level 5 in Throwing
  8559 | D:9      | Found a staircase to the Lair.
  8694 | D:9      | Found a glowing silver altar of Zin.
  8714 | D:9      | Found a hide-covered altar of Uskayaw.
  8945 | Lair:1   | Entered Level 1 of the Lair of Beasts
  8953 | D:9      | Reached skill level 8 in Fighting
  8953 | D:9      | Reached XP level 12. HP: 79/92 MP: 6/12
  9211 | Lair:1   | Received a gift from Okawaru
  9457 | Lair:1   | Acquired the +0 helmet of Tary {Dex+7 Stlth-}
  9782 | Lair:1   | Noticed Grum
  9784 | Lair:1   | Killed Grum
  9877 | Lair:1   | Noticed a seven-headed hydra
  9886 | Lair:1   | Killed a four-headed hydra
  9886 | Lair:1   | Received a gift from Okawaru
 10117 | Lair:1   | Identified the +5 rapier "Pedom" {elec, +Blink rC+}
                  | (Okawaru gifted it to you on level 1 of the Lair of Beasts)
 10117 | Lair:1   | Received a gift from Okawaru
 10414 | Lair:2   | Noticed a catoblepas
 10424 | Lair:2   | Killed a catoblepas
 10425 | Lair:2   | Reached skill level 5 in Shields
 10575 | Lair:2   | Found a gate leading to a gauntlet.
 10765 | Lair:2   | Found a staircase to the Snake Pit.
 10834 | Lair:2   | Reached XP level 13. HP: 100/100 MP: 14/14
 10853 | Lair:2   | Reached skill level 9 in Fighting
 11026 | Lair:2   | Received a gift from Okawaru
 11094 | Lair:2   | Reached skill level 5 in Polearms
 11456 | Lair:3   | Acquired 893 gold pieces
 11500 | Lair:3   | Reached ****** piety under Okawaru
 11500 | Lair:3   | Identified the +8 rapier of the Little People {freeze,
                  | +Blink +Rage rC+ Int-2} (Okawaru gifted it to you on level
                  | 3 of the Lair of Beasts)
 11500 | Lair:3   | Received a gift from Okawaru
 12369 | Lair:4   | Found a staircase to the Swamp.
 12476 | Lair:4   | Received a gift from Okawaru
 12594 | Lair:4   | Reached skill level 5 in Invocations
 12752 | Lair:4   | Reached XP level 14. HP: 109/109 MP: 16/16
 13027 | Lair:4   | Identified the +1 plate armour "Nuobbal" {Fly Stlth+}
                  | (Okawaru gifted it to you on level 4 of the Lair of Beasts)
 13027 | Lair:4   | Received a gift from Okawaru
 13275 | Lair:4   | Reached skill level 10 in Fighting
 14072 | Lair:5   | Found a staircase to the Slime Pits.
 14310 | Lair:5   | Reached skill level 1 in Axes
 14747 | Lair:6   | Entered Level 6 of the Lair of Beasts
 14950 | Lair:6   | Acquired a manual of Fighting
 15448 | Lair:6   | Received a gift from Okawaru
 15788 | Lair:6   | Reached XP level 15. HP: 117/117 MP: 17/17
 16297 | D:10     | Entered Level 10 of the Dungeon
 16425 | D:10     | Identified the +4 leather armour of Uhiam Male {Will+}
 16717 | D:10     | Noticed Harold
 16731 | D:10     | Killed Harold
 17094 | D:11     | Found a staircase to the Orcish Mines.
 17203 | D:11     | Reached skill level 11 in Fighting
 17364 | D:11     | Found a frozen archway.
 17373 | IceCv    | Entered an ice cave
 17666 | IceCv    | Noticed a reaper
 17700 | IceCv    | Killed a reaper
 17923 | D:12     | Noticed Psyche
 17964 | D:11     | Killed Psyche
 18076 | D:12     | Noticed Gastronok
 18088 | D:12     | Killed Gastronok
 18088 | D:12     | Received a gift from Okawaru
 18217 | D:12     | Noticed Fannar
 18702 | D:12     | Killed Fannar
 18867 | D:13     | Received a gift from Okawaru
 19334 | D:13     | Noticed Jorgrun
 19341 | D:13     | Killed Jorgrun
 19421 | D:13     | Noticed Sonja
 19479 | D:13     | Killed Sonja
 19880 | D:13     | Reached skill level 1 in Crossbows
 20209 | D:13     | Found a gate to the Vaults.
 20223 | D:13     | Received a gift from Okawaru
 20224 | D:13     | Reached XP level 16. HP: 111/127 MP: 2/19
 20880 | Orc:1    | Entered Level 1 of the Orcish Mines
 20991 | Orc:1    | Found Emposude's Antique Armour Shop.
 20999 | Orc:1    | Bought a pair of heavily runed boots for 285 gold pieces
 20999 | Orc:1    | Identified the +2 pair of boots of Crawling {Rampage *Slow
                  | rCorr Str+6} (You bought it in a shop on level 1 of the
                  | Orcish Mines)
 21038 | Orc:1    | Reached skill level 1 in Bows
 21168 | Orc:1    | Found a transporter.
 21204 | Orc:1    | Noticed grimtooth's ghost (journeyman MfGl)
 21223 | Orc:1    | Found a one-way gate to the infinite horrors of the Abyss.
 21268 | Orc:1    | Found a transporter.
 21491 | Orc:1    | Noticed Maurice
 21496 | Orc:1    | Killed Maurice
 21562 | Orc:2    | Entered Level 2 of the Orcish Mines
 21927 | Orc:2    | Found a staircase to the Elven Halls.
 22026 | Orc:2    | Reached skill level 12 in Fighting
 22150 | Orc:2    | Found Gowix's General Store.
 22150 | Orc:2    | Found Uwkeg's Magic Scroll Emporium.
 22157 | Orc:2    | Found Zimeak's Weapon Shoppe.
 22161 | Orc:2    | Found Qetept's Assorted Antiques.
 22170 | Orc:2    | Bought 3 atropa-tipped darts for 23 gold pieces
 22170 | Orc:2    | Bought a +2 war axe of flaming for 237 gold pieces
 22170 | Orc:2    | Bought a +2 antimagic lajatang for 741 gold pieces
 22175 | Orc:2    | Bought the +9 shortbow of the Skies Above {vorpal, rPois
                  | Str+3 Dex-2} for 1004 gold pieces
 22190 | Orc:2    | Bought a scroll of silence for 135 gold pieces
 22190 | Orc:2    | Bought a scroll of enchant weapon for 135 gold pieces
 22193 | Orc:2    | Bought a scroll of enchant weapon for 135 gold pieces
 22193 | Orc:2    | Bought a scroll of blinking for 135 gold pieces
 22193 | Orc:2    | Bought a scroll of teleportation for 54 gold pieces
 22377 | Orc:2    | Found a runed translucent gate.
 22377 | Orc:2    | Found a runed translucent gate.
 22377 | Orc:2    | Found a runed translucent gate.
 22384 | Orc:2    | Noticed grimtooth's ghost (journeyman MfGl)
 23173 | D:14     | Received a gift from Okawaru
 23388 | D:14     | Reached skill level 1 in Staves
 23407 | D:14     | HP: 5/193 [red ugly thing (22)]
 23869 | D:15     | Entered Level 15 of the Dungeon
 23931 | D:15     | Noticed Louise
 23931 | D:15     | Cast into level 2 of the Abyss (Louise)
 23962 | Abyss:2  | Noticed a tentacled starspawn
 23972 | Abyss:2  | Killed a tentacled starspawn
 24372 | D:15     | Escaped the Abyss
 24387 | D:15     | Killed Louise
 24443 | D:15     | Identified the +3 scale mail of the Solstice {Rampage rF+
                  | Str+3}
 24930 | D:15     | Found a staircase to the Depths.
 24939 | D:15     | Reached skill level 13 in Fighting
 24939 | D:15     | Reached skill level 5 in Axes
 24953 | D:15     | Reached XP level 17. HP: 136/136 MP: 20/20
 24973 | D:15     | Received a gift from Okawaru
 25428 | Swamp:1  | Entered Level 1 of the Swamp
 25510 | Swamp:1  | Received a gift from Okawaru
 25573 | Swamp:1  | Noticed a tentacled monstrosity
 25585 | Swamp:1  | Killed a tentacled monstrosity
 25586 | Swamp:1  | Reached skill level 10 in Dodging
 25672 | Swamp:1  | Received a gift from Okawaru
 26251 | Swamp:2  | Noticed a thorn hunter
 26266 | Swamp:2  | Killed a thorn hunter
 26266 | Swamp:2  | Received a gift from Okawaru
 26627 | Swamp:2  | Reached skill level 10 in Slings
 26752 | Swamp:3  | Received a gift from Okawaru
 26952 | Swamp:3  | Noticed a thorn hunter
 26963 | Swamp:3  | Killed a thorn hunter
 27012 | Swamp:4  | Entered Level 4 of the Swamp
 27334 | Swamp:4  | Reached skill level 14 in Fighting
 27439 | Swamp:4  | Received a gift from Okawaru
 27555 | Swamp:4  | Received a gift from Okawaru
 27567 | Swamp:4  | HP: 1/139 [seven-headed hydra (11)]
 27572 | Swamp:4  | Slain by a seven-headed hydra

Illustrated notes

Levels and vault maps discovered:
D:1:      mrwooster_arrival_statue_3, layout_basic, minmay_shallow_snake_nest
D:2:      layout_rooms, hellmonk_ecumenical_altar_run_dry, basic_altar,
          kennysheep_flooded_box
D:3:      layout_basic, worldfamousw_hep_ancestral_shrine
D:4:      layout_basic, minmay_distorted
D:5:      layout_basic, mainiacjoe_overflow_alcove_1, serial_shops,
          nicolae_shop_waterfront, nicolae_stop_n_shop_1, uniq_pikel
D:6:      layout_loops_cross, mainiacjoe_overflow_concentric_impassable,
          temple_fountains, hangedman_feature_mirror
D:7:      layout_basic, nzn_random_ring
D:8:      layout_rooms, makhleb_altar_promises_db,
          chequers_temple_overflow_minitemple, minmay_microvault
D:9:      layout_irregular_city, lemuel_round_altar,
          mainiacjoe_overflow_alcove_4, gammafunk_temple_overflow_statue,
          due_lair_maze_entry_diamond, st_stairs_11,
          hangedman_abyss_or_decor_jellyfish_corner, hangedman_feature_mirror,
          uniq_erica
D:10:     layout_cave_pools, kennysheep_generic_room_3, uniq_harold
D:11:     layout_cave_pools, david_orc_5, portal_ice_cave_rime
D:12:     layout_cave_pools, uniq_psyche, uniq_gastronok, uniq_fannar
D:13:     layout_irregular_city, grunt_vaults_entry_tiered, uniq_sonja,
          uniq_jorgrun
D:14:     layout_rooms, minivault_23
D:15:     grunt_enter_depths_giant_problem, layout_stronghold,
          minmay_misc_feat_plants, small_statue_intersection, uniq_louise
Lair:1:   wad_woods_minihive, layout_small_grid, disabler_island, uniq_grum
Lair:2:   layout_hall_layers, minmay_snake_entry_six_corridors, special_room,
          gauntlet_entry_generic, st_stairs_4, minmay_lair_oklob_chamber,
          lemuel_fruit_fields
Lair:3:   layout_loops_ring, serial_bayou_shore_a
Lair:4:   layout_cellular_growth, minmay_swamp_entry_swarm,
          infiniplex_staircase_pool_2, grunt_megastairs_1
Lair:5:   layout_regular_city, minmay_slime_entry_oklob_open
Lair:6:   grunt_lair_end_beastmaster, layout_misc_corridors, st_stairs_7,
          grunt_forest_small_clearings
Swamp:1:  layout_basic_swamp, serial_swamp_ruin, evilmike_swamp_ruin_house_2,
          evilmike_swamp_ruin_house_3, evilmike_swamp_ruin_house_4, swamp_pool4
Swamp:2:  layout_basic_swamp, hangedman_swamp_ruin_wall, swamp_pool5
Swamp:3:  layout_basic_swamp, evilmike_swamp_ruin_rubble_1
Swamp:4:  swamp_old_school, layout_basic_swamp, swamp_pool1, uniq_bai_suzhen
Orc:1:    layout_caves, serial_shops, nicolae_shop_overgrown_old_shop,
          gammafunk_ghost_abyssal_escape, uniq_maurice
Orc:2:    st_orc_mages, layout_diamond_mine, gammafunk_ghost_necromancy

Skill      XL: |  1  2  3  4  5  6  7  8  9 10 11 12 13 14 15 16 17 |
---------------+----------------------------------------------------+-----
Fighting       | 2 3 4 5 7 8 9 10 11 13 14 | 14.2
Stealth        | 2 3 4 5 6 7 8 |  8.8
Throwing       | 1 2 3 4 5 6 7 |  7.9
Dodging        | 2 3 4 5 6 7 8 9 10 | 10.6
Armour         | 3 4 5 6 7 8 9 |  9.9
Short Blades   | 2 3 4 5 6 7 8 |  8.4
Evocations     | 4 5 6 7 8 9 |  9.7
Slings         | 1 2 3 4 5 6 7 8 9 10 | 10.3
Shields        | 1 2 3 4 5 6 7 |  7.1
Invocations    | 2 3 5 6 7 8 |  8.5
Polearms       | 2 4 6 7 8 |  8.1
Axes           | 1 3 5 6 |  6.4
Crossbows      | 1 |  1.3
Bows           | 3 4 |  4.2
Staves         | 2 |  2.8

Action                   |  1- 3 |  4- 6 |  7- 9 | 10-12 | 13-15 | 16-18 || total
-------------------------+-------+-------+-------+-------+-------+-------++-------
Melee: Whip              |   132 |   108 |       |       |       |       ||   240
       Rapier            |       |     3 |   206 |   282 |   169 |    72 ||   732
       Dagger            |       |       |       |    13 |     7 |     3 ||    23
       Glaive            |       |       |       |   136 |   426 |    68 ||   630
       Battleaxe         |       |       |       |       |    91 |       ||    91
       Punch             |       |       |       |       |     2 |       ||     2
       Executioner's axe |       |       |       |       |    55 |   286 ||   341
 Fire: Hunting sling     |       |     7 |       |   215 |   331 |   529 ||  1082
       Shortbow          |       |       |       |       |       |     8 ||     8
Throw: Dart              |     9 |    61 |    12 |    24 |    19 |       ||   125
       Javelin           |       |       |    16 |    23 |    39 |       ||    78
       Throwing net      |       |       |     1 |     3 |     1 |       ||     5
       Boomerang         |       |       |       |     1 |     2 |       ||     3
Invok: Heroism           |       |     1 |       |     9 |    22 |    16 ||    48
       Finesse           |       |       |       |     4 |    15 |    14 ||    33
 Abil: Evoke Berserk Rag |       |       |       |       |     1 |     1 ||     2
Evoke: Wand              |    10 |    17 |    12 |    56 |    55 |    53 ||   203
       Piece from Xom's  |     3 |     9 |    14 |    10 |    15 |    20 ||    71
       Lightning rod     |       |       |       |       |     9 |     7 ||    16
       Box of beasts     |       |       |       |       |     2 |     3 ||     5
  Use: Scroll            |     2 |     4 |     9 |    13 |    22 |    14 ||    64
       Potion            |     2 |     2 |       |     2 |     5 |    11 ||    22
 Stab: Paralysed         |       |       |     2 |     6 |     3 |    15 ||    26
       Petrified         |       |       |       |     3 |    10 |     2 ||    15
       Held in net/web   |       |       |       |     1 |       |       ||     1
       Confused          |       |       |       |       |     3 |     1 ||     4
       Distracted        |       |       |       |       |     1 |       ||     1
Armor: Leather armour    |    63 |    10 |       |       |       |       ||    73
       Plate armour      |       |    91 |   202 |   518 |   424 |       ||  1235
       Crystal plate arm |       |       |       |       |   188 |   622 ||   810
Dodge: Dodged            |    87 |    56 |    26 |   234 |   485 |   447 ||  1335
       Repelled          |       |       |       |     1 |     7 |    13 ||    21
Block: Kite shield       |       |       |    77 |   227 |       |       ||   304
       Other             |       |       |       |       |    29 |       ||    29
       Tower shield      |       |       |       |       |       |    51 ||    51
